AoeStats
← schwellle

Oasis

509941028Analyzed
3v3 RM · 4d ago on Sep 28, 2026· 53m 41s· 6 players
Game mode
Random Map
Map size
Normal (6 player)
Population
200
Speed
Normal
Resources
Standard
Victory
Conquest
Starting age
Dark Age
Ending age
Imperial Age
RankedLock teamsTeams togetherTeam positionsShared explorationLock speedFull tech treeHidden civsTurbo modeCheats
Victory
Defeat
🇩🇪 Cumans · Germany
1071
+16
🇩🇪 Danes · Germany
1050
+17
🇩🇪 Varangians · Germany
1028
+18
🇱🇻 Goths · Latvia
1118
-19
🇹🇷 Burgundians · Türkiye
1097
-18
🇩🇰 Britons · Denmark
1000
-43
schwellle
7:06 Loom
9:30 Feudal Age
14:03 Man-at-Arms
14:55 Fletching
18:23 Castle Age
20:59 Double-Bit Axe
22:05 Horse Collar
25:05 Squires
26:44 Scale Mail Armor
27:48 Pikeman
29:00 Stone Mining
31:44 Forging
32:40 Wheelbarrow
33:53 Gambesons
35:53 Chain Mail Armor
36:14 Iron Casting
36:13 Gold Mining
38:56 Town Watch
41:59 Gold Shaft Mining
44:57 Imperial Age
42:52 Ballistics
43:24 Bow Saw
43:45 Masonry
43:54 Bodkin Arrow
43:56 Arson
45:08 Hand Cart
46:06 Conscription
46:46 Plate Mail Armor
46:30 Elite Varangian Guard
48:03 Capped Ram
50:00 Blast Furnace
48:56 Heavy Scorpion
49:35 Long Swordsman
50:50 Two-Handed Swordsman
51:47 Bracer
Oberleutnant
10:56 Feudal Age
15:58 Castle Age
26:40 Wheelbarrow
26:38 Gold Mining
26:39 Stone Mining
27:05 Forging
27:01 Scale Barding Armor
29:12 Iron Casting
30:56 Hand Cart
34:43 Imperial Age
33:17 Double-Bit Axe
34:57 Elite Jarl
36:01 Conscription
38:11 Blast Furnace
38:16 Chain Barding Armor
39:52 Husbandry
40:02 Bloodlines
40:31 Plate Barding Armor
50:15 Elite Varangian Guard
50:40 Arson
50:56 Squires
53:24 Caravan
Zurkhard
10:53 Feudal Age
12:06 Loom
12:14 Double-Bit Axe
15:07 Wheelbarrow
14:22 Horse Collar
19:48 Town Watch
21:42 Forging
21:40 Stone Mining
23:31 Bloodlines
27:13 Castle Age
27:17 Light Cavalry
27:29 Elite Skirmisher
28:48 Iron Casting
28:19 Scale Barding Armor
29:47 Fletching
29:58 Padded Archer Armor
30:22 Bow Saw
31:54 Steppe Husbandry
33:10 Ballistics
33:47 Crossbowman
34:32 Thumb Ring
34:33 Gold Mining
37:31 Capped Ram
39:49 Hand Cart
42:11 Imperial Age
42:13 Gold Shaft Mining
43:36 Caravan
45:08 Pikeman
45:49 Squires
47:55 Hussar
52:14 Blast Furnace
51:35 Chain Barding Armor
51:16 Scale Mail Armor
51:31 Leather Archer Armor
51:12 Bodkin Arrow
53:10 Two-Man Saw
52:14 Heavy Plow
Kaniel Outiss
5:05 Loom
10:06 Feudal Age
15:05 Castle Age
13:54 Double-Bit Axe
16:07 Bow Saw
15:42 Horse Collar
23:44 Heavy Plow
23:46 Stone Mining
24:53 Wheelbarrow
25:07 Stone Shaft Mining
29:44 Imperial Age
27:34 Hand Cart
27:27 Squires
27:17 Pikeman
28:16 Forging
29:27 Scale Mail Armor
30:40 Iron Casting
29:50 Halberdier
30:50 Chain Mail Armor
31:30 Perfusion
31:52 Conscription
31:32 Anarchy
31:41 Treadmill Crane
32:23 Gold Mining
35:33 Blast Furnace
36:23 Town Watch
38:02 Chemistry
37:22 Ballistics
37:02 Fletching
37:32 Elite Skirmisher
40:35 Two-Man Saw
46:47 Bodkin Arrow
46:53 Padded Archer Armor
BjarneRiis27
10:06 Feudal Age
14:34 Double-Bit Axe
16:59 Wheelbarrow
21:44 Fletching
24:36 Castle Age
26:19 Crossbowman
29:45 Wheelbarrow
29:00 Loom
29:23 Padded Archer Armor
30:35 Stone Mining
30:36 Gold Mining
31:21 Pikeman
33:51 Hand Cart
40:17 Imperial Age
38:54 Bow Saw
41:11 Cavalier
42:50 Elite Skirmisher
47:13 Arbalester
51:48 Town Watch
KaraTerzi9080
2:28 Loom
11:31 Feudal Age
14:04 Forging
15:18 Arson
21:12 Castle Age
19:59 Horse Collar
20:32 Gold Mining
22:40 Double-Bit Axe
23:45 Wheelbarrow
24:28 Cavalier
29:46 Hand Cart
32:14 Husbandry
37:01 Town Watch
39:53 Imperial Age
37:39 Heavy Plow
37:50 Bow Saw
38:50 Stone Mining
39:36 Scale Barding Armor
41:00 Stone Shaft Mining
41:32 Scale Mail Armor
41:55 Squires
44:00 Iron Casting
44:36 Conscription
48:32 Gold Shaft Mining
48:44 Flemish Revolution
Connection lost

Rejoining the realm…

Still unreachable

The connection could not be restored.

Session expired

The server has moved on; the page needs a fresh start.